 Dungeon Crawl Stone Soup version 0.28.0-45-g0d030f2227 (webtiles) character file.

Game seed: 15197660357316247390

10847 selver the Archer (level 11, -2/80 HPs)
             Began as a Minotaur Hunter on Apr 14, 2022.
             Was an Elder of Hepliaklqana.
             Slain by a killer bee (4 damage)
             ... on level 2 of the Lair of Beasts.
             The game lasted 00:37:49 (11893 turns).

selver the Archer (Minotaur Hunter)                Turns: 11893, Time: 00:37:50

Health: -2/80      AC:  5    Str: 17    XL:     11   Next: 41%
Magic:  10/10      EV: 12    Int:  8    God:    Hepliaklqana [****..]
Gold:   584        SH:  0    Dex: 17    Spells: 10/10 levels left

rFire   . . .      SeeInvis .   b - +12 dagger of the Scorpion {protect, rElec rN+ rCorr Str-4}
rCold   . . .      Faith    .   (no shield)
rNeg    + + .      Spirit   .   I - +0 leather armour "Duudirgh" {Dex+6}
rPois   .          Reflect  .   (helmet restricted)
rElec   +          Harm     .   O - scarf {+Inv}
rCorr   +          Rampage  .   k - +0 pair of gloves
Will    .....                   (no boots)
Stlth   ++........              R - amulet of regeneration
HPRegen 1.03/turn               F - ring of positive energy
MPRegen 0.12/turn               (no ring)

@: no status effects
A: reduced essence, horns 2, retaliatory headbutt
a: Renounce Religion, Evoke Invisibility, Recall Ancestor, Ancestor Identity,
Transference, Idealise


You were on level 2 of the Lair of Beasts.
You worshipped Hepliaklqana.
Hepliaklqana was greatly pleased with you.
You visited 3 branches of the dungeon, and saw 13 of its levels.

You collected 974 gold pieces.
You spent 390 gold pieces at shops.

Inventory:

Hand Weapons
 a - a +1 shortbow
 b - the +12 dagger of the Scorpion (weapon) {protect, rElec rN+ rCorr Str-4}
   (You found it on level 4 of the Dungeon)

   It grants its wielder temporary protection when it strikes (+7 to AC).
   Str:       It affects your strength (-4).
   rElec:     It insulates you from electricity.
   rN:        It protects you from negative energy.
   rCorr:     It protects you from acid and corrosion.
 s - a +0 whip
 z - a +0 short sword
 N - a +0 arbalest
Missiles
 d - 117 arrows
 l - 74 bolts
Armour
 g - a +0 chain mail
 k - a +0 pair of gloves (worn)
 D - a +0 plate armour
 G - a +0 cloak
 I - the +0 leather armour "Duudirgh" (worn) {Dex+6}
   (You found it on level 7 of the Dungeon)

   Dex:       It affects your dexterity (+6).
 O - a scarf of invisibility (worn)
Jewellery
 y - an amulet of faith
 F - a ring of positive energy (left hand)
 L - an amulet of reflection
 R - an amulet of regeneration (around neck)
Wands
 e - a wand of polymorph (4)
 p - a wand of charming (9)
 t - a wand of flame (20)
 x - a wand of acid (12)
 A - a wand of digging (17)
Scrolls
 c - 2 scrolls of amnesia {unknown}
 f - 2 scrolls of noise {unknown}
 h - 8 scrolls of teleportation
 m - 4 scrolls of enchant weapon {unknown}
 n - 3 scrolls of blinking {unknown}
 u - 3 scrolls of fog {unknown}
 v - a scroll of summoning {unknown}
 H - a scroll of immolation {unknown}
 M - 2 scrolls of enchant armour {unknown}
 P - a scroll of identify
 Q - a scroll of brand weapon {unknown}
Potions
 i - a potion of mutation
 j - 3 potions of might
 q - a potion of lignification
 r - a potion of brilliance
 w - a potion of haste
 B - a potion of magic
 C - 3 potions of invisibility
 E - a potion of cancellation
 J - 3 potions of curing
 K - a potion of resistance


   Skills:
 + Level 6.2 Fighting
 + Level 9.1 Short Blades
 - Level 14.4 Bows
 + Level 10.4 Armour
 - Level 2.1 Dodging
 - Level 0.7 Stealth


You had 10 spell levels left.
You didn't know any spells.
Your spell library contained the following spells:

 Spells                   Type           Power      Damage    Failure   Level
 Animate Skeleton         Necr           0%         N/A       45%         1
 Apportation              Tloc           0%         N/A       45%         1
 Magic Dart               Conj           0%         1d3       45%         1
 Pain                     Necr           0%         1d4       45%         1
 Scorch                   Fire           0%         2d5       58%         2
 Searing Ray              Conj           0%         2d4       58%         2
 Static Discharge         Conj/Air       0%         N/A       58%         2
 Sublimation of Blood     Necr           0%         N/A       58%         2
 Wereblood                Tmut           0%         N/A       58%         2
 Tukima's Dance           Hex            0%         N/A       83%         3
 Vampiric Draining        Necr           0%         2d6       83%         3
 Flame Wave               Conj/Fire      0%         2d4       99%         4
 Fulminant Prism          Conj/Hex       0%         3d6       99%         4
 Iskenderun's Mystic Bla  Conj/Tloc      0%         2d3       99%         4
 Passage of Golubria      Tloc           0%         N/A       99%         4
 Petrify                  Tmut/Erth      0%         N/A       99%         4
 Alistair's Intoxication  Tmut/Pois      0%         N/A       100%        5
 Lee's Rapid Deconstruct  Erth           0%         3d5*      100%        5
 Lightning Bolt           Conj/Air       0%         1d11      100%        5
 Metabolic Englaciation   Hex/Ice        0%         N/A       100%        5
 Yara's Violent Unravell  Hex/Tmut       0%         3d3       100%        5
 Statue Form              Tmut/Erth      0%         N/A       100%        6
 Summon Cactus Giant      Summ           0%         N/A       100%        6
 Summon Hydra             Summ           0%         N/A       100%        7
 Maxwell's Capacitive Co  Air            0%         ∞         100%        8


Dungeon Overview and Level Annotations

Branches:
Dungeon (9/15)             Temple (1/1) D:5            Lair (3/6) D:9
  Swamp: Lair:2-4    Shoals: Lair:2-4     Snake: Lair:2-4    Spider: Lair:2-4
    Orc: D:9-12

Altars:
Ashenzari
Cheibriados
Elyvilon
Fedhas
Gozag
Hepliaklqana
Kikubaaqudgha
Makhleb
Nemelex Xobeh
Okawaru
Qazlal
Ru
Sif Muna
Trog
Uskayaw
Vehumet
Wu Jian
Xom
Yredelemnul
Zin
The Shining One
Beogh

Shops:
D:8 =

Annotations:
D:3 3 runed translucent doors, Zeld's ghost, amateur MiBe
D:5 2 runed translucent doors, TickTock's ghost, novice MiBe
D:6 exclusion: oklob plant
D:9 1 runed translucent door, 2 transporters, NinjaNoafa's ghost, novice TrMo
Lair:2 3 runed translucent doors, Woods's ghost, journeyman GnTm


Innate Abilities, Weirdness & Mutations

Your life essence is reduced to manifest your ancestor. (-10% HP)
You have a pair of horns on your head.
You reflexively headbutt those who attack you in melee.


Message History

You furiously retaliate!
You headbutt the killer bee, but do no damage.
The black mamba bites you.
The blink frog blinks!
The killer bee barely misses you. You furiously retaliate!
You headbutt the killer bee, but do no damage.
The killer bee stings you. The killer bee misses you.
The black mamba bites you!
You are poisoned.
The black mamba poisons you!
Khenut hits the killer bee with a +0 flail!
The killer bee stings you but does no damage.
The killer bee completely misses you.
The killer bee stings you but does no damage.
The killer bee misses you.
Khenut hits the killer bee with a +0 flail.
The killer bee dies!
The black mamba closely misses you.
There is a stone staircase leading up, spattered with blood here.
You feel very sick. The killer bee stings you.
You are more poisoned.
The killer bee poisons you! The killer bee stings you.
You are more poisoned.
The killer bee poisons you! The killer bee misses you.
The killer bee stings you. The black mamba bites you!
* * * LOW HITPOINT WARNING * * *
The killer bee stings you.
* * * LOW HITPOINT WARNING * * *
The blink frog barely misses you. The killer bee stings you.
* * * LOW HITPOINT WARNING * * *
The killer bee barely misses you. x2
You climb upwards.
Level annotation: 3 runed translucent doors, Woods's ghost, journeyman GnTm
* * * LOW HITPOINT WARNING * * *
You feel extremely sick.
There is a stone staircase leading down here.
You feel better. The black mamba bites you!
* * * LOW HITPOINT WARNING * * *
The killer bee stings you.
You die...

# ##...#...............#........
######.......⌠..<..⌠..#........>.
..##.#.#..#..........##..........
....##.#.####...⌠...##...........
....##...#####.....#........^....
....#.....#.###....#.............
...###..P....##...##.............
...###.#.....#.yyy..)............
...##........#⌠.@F⌠#....<........
..#.#..........yS†.#.#...........
..#...#..[....#.⌠...#...........P
..##..#.......#.#.#.###.P##P.#.P#
..#..#.##...........P#.######.###
.#..#######...............######.
#....######................# #...
#.....P##.##...#########..## ##..
.........####..#..SW.Bw#..P# #..


You could see a black mamba, a blink frog and 4 killer bees.

Vanquished Creatures
  2 hydras (Lair:2)
  A two-headed ogre (D:9)
  A black mamba (Lair:1)
  3 cane toads (Lair:2)
  A rime drake (Lair:2)
  3 komodo dragons (Lair:1)
  A polar bear (Lair:1)
  Grinder (D:5)
  A vampire (D:6)
  A yak (D:8)
  A basilisk (Lair:3)
  2 wargs
  3 water moccasins
  A sky beast (D:6)
  2 black bears
  An orc warrior (D:8)
  2 ogres (D:6)
  A centaur (D:7)
  A kobold brigand (D:4)
  5 bullfrogs
  5 scorpions
  6 killer bees
  4 howler monkeys
  2 jellies (D:6)
  2 bullfrog skeletons
  6 hounds
  10 orc priests
  A centaur skeleton (D:6)
  An iguana (D:6)
  6 orc wizards
  A howler monkey skeleton (D:5)
  2 howler monkey zombies
  8 adders
  A shadow imp (D:5)
  A white imp (D:5)
  An ufetubus (D:4)
  An adder skeleton (D:4)
  3 worms
  A dart slug (D:3)
  20 orcs
  7 ball pythons
  5 endoplasms
  4 giant cockroaches
  7 goblins
  3 hobgoblins
  2 jackals (D:1)
  26 kobolds
  4 quokkas
  2 bats (D:1)
  A quokka skeleton (D:2)
  4 rats
181 creatures vanquished.

Vanquished Creatures (collateral kills)
  A two-headed ogre (D:7)
  3 cane toads
  4 yaks (D:9)
  A warg (D:9)
  An acid dragon (D:9)
  2 water moccasins
  2 bullfrogs
  3 killer bees (Lair:3)
  2 orc priests (D:8)
  An orc wizard (D:8)
  5 orcs
25 creatures vanquished.

Vanquished Creatures (others)
  2 ancestors (D:7)
  6 fungi
  49 plants
57 creatures vanquished.

Grand Total: 263 creatures vanquished

Notes
Turn   | Place    | Note
-------+----------+-------------------------------------------
     0 | D:1      | selver the Minotaur Hunter began the quest for the Orb.
     0 | D:1      | Reached XP level 1. HP: 18/18 MP: 0/0
   159 | D:1      | Reached XP level 2. HP: 21/25 MP: 1/1
   249 | D:1      | Reached skill level 5 in Bows
   511 | D:1      | Found a faded altar of an unknown god.
   998 | D:2      | Found a bloodstained altar of Trog.
  1022 | D:2      | Reached XP level 3. HP: 24/30 MP: 2/2
  1270 | D:2      | Reached skill level 6 in Bows
  1270 | D:2      | Reached XP level 4. HP: 3/37 MP: 3/3
  2042 | D:3      | Reached skill level 7 in Bows
  2042 | D:3      | Reached XP level 5. HP: 42/42 MP: 4/4
  2127 | D:3      | Found a shimmering altar of Xom.
  2127 | D:3      | Found a sparkling altar of Nemelex Xobeh.
  2189 | D:3      | Found a runed translucent gate.
  2196 | D:3      | Found a runed translucent gate.
  2196 | D:3      | Noticed Zeld's ghost (amateur MiBe)
  2197 | D:3      | Found a runed translucent gate.
  2292 | D:3      | Found a stormy altar of Qazlal.
  2548 | D:4      | Reached skill level 1 in Armour
  2804 | D:4      | Reached XP level 6. HP: 50/50 MP: 5/5
  2852 | D:4      | Reached skill level 8 in Bows
  2891 | D:4      | Identified the +12 dagger of the Scorpion {protect, rElec
                  | rN+ rCorr Str-4}
  3267 | D:4      | Reached XP level 7. HP: 54/56 MP: 6/6
  3524 | D:4      | Reached skill level 1 in Short Blades
  3632 | D:4      | Found a shimmering blue altar of Sif Muna.
  3906 | D:5      | Entered Level 5 of the Dungeon
  3934 | D:5      | Noticed Grinder
  3937 | D:5      | Paralysed by Grinder for 2 turns
  3942 | D:5      | Killed Grinder
  3943 | D:5      | Reached skill level 9 in Bows
  4252 | D:5      | Found a staircase to the Ecumenical Temple.
  4260 | Temple   | Entered the Ecumenical Temple
  4548 | Temple   | Became a worshipper of Hepliaklqana the Forgotten
  4827 | D:5      | Reached XP level 8. HP: 56/62 MP: 7/7
  4865 | D:5      | Found a runed translucent door.
  4866 | D:5      | Noticed TickTock's ghost (novice MiBe)
  4932 | D:5      | Found a runed translucent door.
  5233 | D:6      | Reached skill level 10 in Bows
  5233 | D:6      | Reached skill level 5 in Armour
  5322 | D:6      | Found an ornate altar of the Wu Jian Council.
  5323 | D:6      | Found a basalt altar of Yredelemnul.
  5674 | D:6      | Reached skill level 11 in Bows
  5907 | D:6      | Found a blossoming altar of Fedhas.
  5929 | D:6      | Noticed an oklob plant
  6468 | D:7      | Reached XP level 9. HP: 53/68 MP: 8/8
  6542 | D:7      | Reached * piety under Hepliaklqana
  6789 | D:7      | Found an opulent altar of Gozag.
  6859 | D:7      | Reached skill level 5 in Short Blades
  6936 | D:7      | Identified the +0 leather armour "Duudirgh" {Dex+6}
  7112 | D:7      | Noticed a two-headed ogre
  7169 | D:7      | Killed a two-headed ogre
  7520 | D:8      | Reached skill level 12 in Bows
  7645 | D:8      | Reached ** piety under Hepliaklqana
  7645 | D:8      | Found Xoler's Jewellery Shoppe.
  7652 | D:8      | Bought an amulet of reflection for 390 gold pieces
  7658 | D:8      | Remembered your ancestor Khenut as a knight
  8030 | D:8      | Found an iron altar of Okawaru.
  8144 | D:9      | Noticed a two-headed ogre
  8153 | D:9      | Killed a two-headed ogre
  8375 | D:9      | Reached XP level 10. HP: 54/66 MP: 9/9
  8548 | D:9      | Reached skill level 13 in Bows
  8663 | D:9      | Found a staircase to the Lair.
  8720 | D:9      | Found a runed translucent door.
  8720 | D:9      | Noticed a sixfirhy
  8789 | D:9      | Noticed a two-headed ogre
  8789 | D:9      | Noticed a two-headed ogre
  8791 | D:9      | Noticed NinjaNoafa's ghost (novice TrMo)
  8800 | D:9      | Found a transporter.
  8801 | D:9      | Noticed a tengu warrior
  8801 | D:9      | Noticed a moth of wrath
  8804 | D:9      | Found a bloodstained altar of Trog.
  8813 | D:9      | Found a transporter.
  8968 | D:9      | Found a radiant altar of Vehumet.
  9142 | Lair:1   | Entered Level 1 of the Lair of Beasts
  9375 | Lair:1   | Noticed a cane toad
  9385 | Lair:1   | Killed a cane toad
  9433 | Lair:1   | Noticed a black mamba
  9442 | Lair:1   | Killed a black mamba
  9558 | Lair:1   | Reached skill level 14 in Bows
  9662 | Lair:1   | Reached *** piety under Hepliaklqana
  9812 | Lair:1   | Identified the +0 robe "Iddix" {Harm rPois rF- rCorr}
 10024 | Lair:1   | Noticed a cane toad
 10029 | Lair:1   | Killed a cane toad
 10067 | Lair:2   | Noticed a cane toad
 10081 | Lair:2   | Killed a cane toad
 10085 | Lair:2   | Reached XP level 11. HP: 59/76 MP: 10/10
 10630 | Lair:2   | Noticed a boulder beetle
 10631 | Lair:2   | Noticed Woods's ghost (journeyman GnTm)
 10636 | Lair:2   | Found a runed translucent gate.
 10636 | Lair:2   | Found a runed translucent gate.
 10636 | Lair:2   | Found a runed translucent gate.
 11021 | Lair:2   | Noticed a four-headed hydra
 11030 | Lair:2   | Killed a four-headed hydra
 11031 | Lair:2   | Reached skill level 5 in Fighting
 11031 | Lair:2   | Reached skill level 10 in Armour
 11077 | Lair:2   | Noticed a six-headed hydra
 11085 | Lair:2   | Killed a six-headed hydra
 11341 | Lair:2   | Reached **** piety under Hepliaklqana
 11893 | Lair:2   | HP: 2/80 [black mamba (15)]
 11893 | Lair:2   | Slain by a killer bee

Illustrated notes

Levels and vault maps discovered:
D:1:      wheals_arrival_shading, layout_rooms, basic_ecumenical_altar
D:2:      layout_loops_corners, basic_altar, grunt_ministairs_10
D:3:      layout_rooms, amcnicky_altar_gilded,
          chequers_temple_overflow_statue_of_worship,
          gammafunk_ghost_nasty_kobolds, kennysheep_orc_chapel
D:4:      kennysheep_kobold_camp, layout_loops_ring, kennysheep_mini,
          serial_bayou_pond_b, kennysheep_boxes
D:5:      layout_loops_corners, minmay_temple_entry_glassed_door,
          ebering_ghost_sewer_f, uniq_grinder
D:6:      layout_basic, tgw_fedhas, jmf_multi_god_temple
D:7:      layout_basic, nicolae_gozag_cash_rules_everything_around_me
D:8:      layout_loops_cross, mainiacjoe_overflow_brackets, serial_shops, shop,
          small_statue_intersection, minmay_misc_feat_iff
D:9:      cheibrodos_shockbox, layout_rooms, mainiacjoe_overflow_catwalk,
          erik_lair_orcish_takeover, gammafunk_ghost_wrathful_warriors,
          hangedman_abyss_or_decor_passed
Temple:   jpeg_temple_clearing
Lair:1:   layout_loops_ring, hibernation_bobbens
Lair:2:   layout_cave_pods, gammafunk_ghost_split, st_stairs_12,
          chequers_serial_rivers_micro_c, chequers_serial_rivers_micro_c,
          serial_bayou_shore_b, grunt_megastairs_3
Lair:3:   layout_gridlike, nicolae_swamp_entry_splash_gauntlet, special_room
          [special_room_bee], serial_bayou_pond_b,
          chequers_serial_rivers_micro_a, eino_small_chamber_without_monster

Skill      XL: |  1  2  3  4  5  6  7  8  9 10 11 |
---------------+----------------------------------+-----
Bows           | 5 6 7 8 9 11 12 14 | 14.4
Armour         | 2 3 4 6 8 9 10 | 10.4
Short Blades   | 3 4 6 8 9 |  9.1
Fighting       | 4 6 |  6.2
Dodging        | |  2.1
Stealth        | |  0.7

Action                   |  1- 3 |  4- 6 |  7- 9 | 10-12 || total
-------------------------+-------+-------+-------+-------++-------
Melee: Short sword       |    69 |     7 |       |       ||    76
       Headbutt          |     8 |     2 |    12 |    16 ||    38
       Dagger            |       |     8 |   107 |    42 ||   157
       Punch             |       |       |       |     2 ||     2
 Fire: Shortbow          |    19 |   113 |   252 |   217 ||   601
Invok: Ancestor Life: Kn |       |       |     1 |       ||     1
       Ancestor Identity |       |       |     1 |       ||     1
  Use: Potion            |       |       |     4 |     3 ||     7
       Scroll            |       |       |       |    10 ||    10
 Stab: Distracted        |       |       |       |     1 ||     1
Armor: Chain mail        |    52 |    19 |    66 |       ||   137
       Leather armour    |       |       |       |    31 ||    31
Dodge: Dodged            |    29 |    10 |    38 |    62 ||   139
Block: Other             |       |       |     3 |     8 ||    11
